 Dungeon Crawl Stone Soup version 0.31.0-7-gf635a9b802 (webtiles) character file.

Game seed: 4557896639331832086

581 Arcadio the Sneak (level 7, 0/48 HPs)
             Began as an Octopode Brigand on Jan 23, 2024.
             Was an Initiate of Ashenzari.
             Slain by an orc wizard
             ... wielding a +0 dagger
              (3 damage)
             ... on level 4 of the Dungeon.
             The game lasted 00:05:00 (3090 turns).

Arcadio the Sneak (Octopode Brigand)                Turns: 3090, Time: 00:05:01

Health: 0/48       AC:  1    Str: 10    XL:     7   Next: 36%
Magic:  7/7        EV: 14    Int: 13    God:    Ashenzari [......]
Gold:   205        SH:  0    Dex: 16    Spells: 3/6 levels left

rFire   . . .        a - +2 dagger
rCold   . . .        (no shield)
rNeg    . . .        (helmet restricted)
rPois   .            t - amulet of the acrobat
rElec   .            s - ring of willpower
rCorr   .            (no ring)
SInv    .            (no ring)
Will    +....        (no ring)
Stlth   +++++        (no ring)
HPRegen 0.28/turn    (no ring)
MPRegen 0.10/turn    (no ring)
                     (no ring)

%: acrobat
@: no status effects
A: almost no armour, amphibious, 8 rings, camouflage 1, gelatinous body 1,
(nimble swimmer 1), tentacles
a: Renounce Religion


You were on level 4 of the Dungeon.
You worshipped Ashenzari.
Ashenzari was noncommittal.
You visited 2 branches of the dungeon, and saw 6 of its levels.

You collected 205 gold pieces.

Inventory:

Hand Weapons
 a - a +2 dagger (weapon)
Missiles
 b - 9 poisoned darts (quivered)
 c - 3 curare-tipped darts
 g - a throwing net
 n - 3 atropa-tipped darts
 v - 2 datura-tipped darts
Jewellery
 d - an amulet of guardian spirit
 p - a ring of ice
 s - a ring of willpower (left tentacle)
 t - an amulet of the acrobat (around mantle)
Scrolls
 e - a scroll of blinking {unknown}
 i - a scroll of brand weapon {unknown}
 k - a scroll of enchant armour {unknown}
 u - a scroll of amnesia {unknown}
 w - a scroll of poison {unknown}
Potions
 f - a potion of heal wounds {unknown}
 h - 4 potions of degeneration {unknown}
 j - 2 potions of curing {unknown}
 l - 3 potions of brilliance {unknown}
 m - a potion of berserk rage {unknown}
 o - 2 potions of attraction {unknown}
 q - a potion of lignification {unknown}
 r - a potion of mutation {unknown}
 x - 2 potions of invisibility {unknown}


   Skills:
 + Level 4.3 Fighting
 + Level 4.2 Short Blades
 - Level 2.0 Throwing
 + Level 3.7 Dodging
 + Level 7.6 Stealth


You had 3 spell levels left.
You knew the following spells:

 Your Spells              Type           Power      Damage    Failure   Level
a - Teleport Other        Tloc           0%         N/A       67%         3

Your spell library contained the following spells:

 Spells                   Type           Power      Damage    Failure   Level
 Gell's Gravitas          Tloc           0%         N/A       67%         3
 Inner Flame              Hex/Fire       0%         N/A       67%         3
 Flame Wave               Conj/Fire      0%         2d4       97%         4
 Sticky Flame             Fire/Alch      0%         2d4       97%         4
 Vhi's Electric Charge    Tloc/Air       0%         N/A       97%         4
 Arcjolt                  Conj/Air       0%         1d10      100%        5
 Conjure Ball Lightning   Conj/Air       0%         3x3d6     100%        6
 Dispersal                Tloc           0%         N/A       100%        6
 Discord                  Hex            0%         N/A       100%        8
 Disjunction              Tloc           0%         N/A       100%        8
 Maxwell's Capacitive Co  Air            0%         ∞         100%        8


Dungeon Overview and Level Annotations

Branches:
Dungeon (5/15)             Temple (1/1) D:4

Altars:
Ashenzari
Cheibriados
Elyvilon
Gozag
Hepliaklqana
Kikubaaqudgha
Makhleb
Nemelex Xobeh
Okawaru
Qazlal
Ru
Sif Muna
Trog
Uskayaw
Vehumet
Xom
Yredelemnul
Zin
The Shining One


Innate Abilities, Weirdness & Mutations

You cannot wear most types of armour.
You are amphibious.
You can wear up to eight rings at the same time.
Your skin changes colour to match your surroundings (Stealth+).
Your rubbery body absorbs attacks. (AC +1, EV +1)
((You are camouflaged when in or above water. (Stealth+)))
You have tentacles for arms and can constrict up to eight enemies at once.


Message History

The orc wizard is lightly wounded.
You constrict the orc wizard. The orc wizard barely misses you.
You hit the orc wizard but do no damage.
The orc wizard is moderately wounded.
You constrict the orc wizard. The orc misses you.
You lose your grip on the orc wizard.
You hit the orc but do no damage. You grab the orc. You constrict the orc.
The orc hits you from afar with a +0 trident.
You hit the orc but do no damage.
The orc is moderately wounded.
You constrict the orc. The orc closely misses you. x2
You hit the orc.
You kill the orc!
The orc priest mumbles some strange prayers to Beogh against you.
Beogh smites you!
The orc hits you from afar with a +0 trident.
* * * LOW HITPOINT WARNING * * *
You see here an adder corpse.
The orc priest looks braver for a moment.
The orc priest looks braver for a moment.
There is a stone staircase leading up here.
The orc wizard barely misses you.
You climb upwards.
There is a stone staircase leading down here.
You hit the orc wizard. Your grab misses the orc wizard.
Your squeeze misses the orc wizard.
The orc wizard is heavily wounded.
You hit the orc wizard. Your grab misses the orc wizard.
The orc wizard is heavily wounded.
The orc wizard closely misses you.
You closely miss the orc wizard. You grab the orc wizard.
The orc wizard is heavily wounded.
You constrict the orc wizard.
The orc wizard hits you with a +0 dagger.
* * * LOW HITPOINT WARNING * * *
You hit the orc wizard but do no damage.
The orc wizard is heavily wounded.
You constrict the orc wizard, but do no damage.
The orc wizard hits you with a +0 dagger.
You die...

#..###.#.# # #...##.#.# #
#...##.#.# #
#...##.#.#####
#########.#.##.#......
#......##......##.###.
#.####.####.##........
#.####.####....##.#.##
########
#.#..@......#####.#.##
#......####.#.#o.#.##.#
#.....
#.####..[.....#..#.##.#
###.## #.#
######........##.# ##.##
#.# #####..####.# #...#
#.# #..####.# #...# #.#
##.......# #...# #.#
########.......## #...#
#.###
#.....##....##.#######...#


You could see an orc wizard.

Vanquished Creatures
  2 black bears (D:4)
  A centaur (D:3)
  3 hounds
  2 bombardier beetles
  A sleepcap (D:4)
  A gnoll (D:1)
  6 adders
  2 dart slugs
  2 ribbon worms
  3 orcs
  5 ball pythons
  8 endoplasms
  A giant cockroach (D:1)
  3 goblins
  6 hobgoblins
  5 jackals
  3 quokkas
  7 bats
  3 frilled lizards
  9 kobolds
  5 rats
78 creatures vanquished.

Notes
Turn   | Place    | Note
-------+----------+-------------------------------------------
     0 | D:1      | Arcadio the Octopode Brigand began the quest for the Orb.
     0 | D:1      | Reached XP level 1. HP: 14/14 MP: 1/1
    44 | D:1      | Reached XP level 2. HP: 4/19 MP: 0/2
   272 | D:1      | Reached XP level 3. HP: 23/25 MP: 1/3
   833 | D:2      | Reached XP level 4. HP: 30/30 MP: 4/4
   906 | D:2      | Reached skill level 6 in Stealth
  1217 | D:2      | Found a bloodstained altar of Trog.
  1277 | D:2      | Learned a level 3 spell: Teleport Other
  1461 | D:3      | Noticed a centaur
  1473 | D:3      | Killed a centaur
  1474 | D:3      | Reached XP level 5. HP: 6/36 MP: 1/5
  1663 | D:3      | Found a faded altar of an unknown god.
  1954 | D:3      | Reached XP level 6. HP: 42/42 MP: 6/6
  2068 | D:4      | Noticed a black bear
  2075 | D:4      | Noticed a black bear
  2093 | D:4      | Killed a black bear
  2094 | D:4      | Reached skill level 7 in Stealth
  2094 | D:4      | Found a staircase to the Ecumenical Temple.
  2104 | Temple   | Entered the Ecumenical Temple
  2417 | D:4      | Reached XP level 7. HP: 19/48 MP: 7/7
  2945 | Temple   | Became a worshipper of Ashenzari the Shackled
  2997 | D:5      | Entered Level 5 of the Dungeon
  3090 | D:4      | Slain by an orc wizard

Illustrated notes

Levels and vault maps discovered:
D:1:      psy_arrival_radial01, layout_rooms, hangedman_abyss_or_decor_stabs
D:2:      layout_loops_cross, basic_altar, chequers_serial_rivers_room_b,
          kennysheep_generic_room_9
D:3:      layout_rooms, shapermc_ecumenical_altar_mp_highgroup
D:4:      layout_loops_cross, minmay_temple_entry_mini_moons, minmay_surrounded
D:5:      layout_basic, grunt_dithmenos_smoke_and_mirrors,
          dreamdust_princess_bridge
Temple:   hellmonk_temple_of_storms

Skill      XL: |  1  2  3  4  5  6  7 |
---------------+----------------------+-----
Dodging        | 2 3 |  3.7
Stealth        | 6 7 |  7.6
Fighting       | 3 4 |  4.3
Short Blades   | 3 4 |  4.2
Throwing       | |  2.0

Action                     |  1- 3 |  4- 6 |  7- 9 || total
---------------------------+-------+-------+-------++-------
  Melee: Dagger            |    64 |    93 |    22 ||   179
         Tentacles         |    12 |    23 |     4 ||    39
         Constrict         |    12 |    13 |     5 ||    30
         Punch             |     1 |     1 |       ||     2
   Stab: Sleeping          |    14 |    12 |     3 ||    29
 Armour: Skin              |    13 |    44 |    11 ||    68
  Dodge: Dodged            |    21 |    58 |    16 ||    95
